 Dungeon Crawl Stone Soup version 0.30-a0-782-ge64f9170bb (webtiles) character file.

Game seed: 7451223531070721452

36 theswoord the Chiller (level 3, -4/28 HPs)
             Began as a Naga Ice Elementalist on Mar 17, 2023.
             Slain by Terence
             ... wielding a +0 falchion
              (10 damage)
             ... on level 2 of the Dungeon.
             The game lasted 00:02:35 (1210 turns).

theswoord the Chiller (Naga Ice Elementalist)       Turns: 1210, Time: 00:02:35

Health: -4/28      AC:  2    Str: 10    XL:     3   Next: 37%
Magic:  0/7        EV:  9    Int: 17    God:
Gold:   66         SH:  0    Dex: 11    Spells: 0/7 levels left

rFire   . . .      SeeInvis +    d - +2 dagger (venom)
rCold   . . .      Faith    .    (no shield)
rNeg    . . .      Spirit   .    a - +0 robe
rPois   +          Reflect  .    (no helmet)
rElec   .          Harm     .    (no cloak)
rCorr   .          Rampage  .    (no gloves)
Will    .....                    (no barding)
Stlth   ++                       (no amulet)
HPRegen 0.24/turn                e - ring of wizardry
MPRegen 0.10/turn                (no ring)

@: freezing walls, very slow
A: AC +1, large, see invisible, deformed body, poison resistance, slowness 2,
spit poison 1, naga tail 1
a: Spit Poison


You were on level 2 of the Dungeon.
You visited 1 branch of the dungeon, and saw 2 of its levels.

You collected 66 gold pieces.

Inventory:

Hand Weapons
 c - a +0 whip
 d - a +2 dagger of venom (weapon)
Armour
 a - a +0 robe (worn)
Jewellery
 e - a ring of wizardry (left hand)
Scrolls
 f - a scroll of amnesia {unknown}
 g - a scroll of identify {unknown}
 h - a scroll of vulnerability {unknown}
Potions
 b - a potion of magic


   Skills:
 - Level 1.5 Dodging
 - Level 3.0 Stealth
 + Level 2.8 Spellcasting
 + Level 4.5 Ice Magic


You couldn't memorise any spells.
You knew the following spells:

 Your Spells              Type           Power      Damage    Failure   Level
a - Freeze                Ice            72%        1d8       1%          1
b - Frozen Ramparts       Ice            36%        1d6       3%          3
c - Ozocubu's Armour      Ice            18%        N/A       3%          3

Your spell library contained the following spells:

 Spells                   Type           Power      Damage    Failure   Level
 Summon Ice Beast         Ice/Summ       10%        N/A       26%         4


Dungeon Overview and Level Annotations

Branches:
Dungeon (2/15)

Altars:

Annotations:
D:2 Terence


Innate Abilities, Weirdness & Mutations

Your serpentine skin is tough. (AC +1)
You have supernaturally acute eyesight. (SInv)
Armour fits poorly on your strangely shaped body.
Your system is resistant to poisons. (rPois)
You cover ground very slowly.
You can spit poison.
You have a snake-like lower body.


Message History

The rat bites you but does no damage. The rat bites you.
The rat attacks as you move away! The rat barely misses you.
The walls around you are covered in ice.
The wall freezes the rat.
The rat bites you.
The wall freezes the goblin.
You kill the goblin!
The wall freezes the rat.
You kill the rat!
The wall freezes the hobgoblin.
You kill the hobgoblin!
Terence is nearby!
Terence is nearby!
Terence is nearby!
Your frozen ramparts will break if you move.
Continue? [Y]es or [N]o only, please.
Your frozen ramparts will break if you move.
Continue? [Y]es or [N]o only, please.
Your frozen ramparts will break if you move.
Continue? [Y]es or [N]o only, please.
Your frozen ramparts will break if you move.
Continue?
Okay, then.
The frozen ramparts melt away.
Terence is nearby!
The walls around you are covered in ice.
Terence shouts!
The wall freezes Terence but does no damage.
The wall freezes Terence.
Terence barely misses you.
Aim: Terence, wielding a +0 falchion and wearing a +0 scale mail (lightly wounded)
You freeze Terence.
The wall freezes Terence but does no damage.
Terence hits you with a +0 falchion!
Aim: Terence, wielding a +0 falchion and wearing a +0 scale mail (moderately wounded)
You freeze Terence!
The wall freezes Terence.
Terence hits you with a +0 falchion!
* * * LOW HITPOINT WARNING * * *
You don't have enough magic to cast this spell.
You closely miss Terence.
The wall freezes Terence but does no damage.
Terence hits you with a +0 falchion!
You die...

####.
#.##.#.......#.......#
#....##..........w.........
#......................#.#
......# #..(..........#
##...# ##.........$?#.#
#....###......).)†.##
#.<##....#..†.....##
#..##.#####)@######
....#..# ###.@######
#.###.#.## #.........# #
#.#.## #.........#
#....###.........##
##.................
#..####..........## .....
##....)....# ......
######.....# ....... #.##>.


You could see Terence and a dart slug.

Vanquished Creatures
  A dart slug (D:1)
  An orc (D:2)
  An endoplasm (D:1)
  5 goblins
  5 hobgoblins
  3 kobolds
  A quokka (D:1)
  4 ball pythons (D:1)
  3 bats
  5 rats
29 creatures vanquished.

Notes
Turn   | Place    | Note
-------+----------+-------------------------------------------
     0 | D:1      | theswoord the Naga Ice Elementalist began the quest for the
                  | Orb.
     0 | D:1      | Reached XP level 1. HP: 15/15 MP: 3/3
    98 | D:1      | Reached XP level 2. HP: 8/22 MP: 0/5
   743 | D:1      | Reached XP level 3. HP: 24/28 MP: 3/6
   747 | D:1      | Learned a level 3 spell: Frozen Ramparts
   751 | D:1      | Learned a level 3 spell: Ozocubu's Armour
  1171 | D:2      | Noticed Terence
  1210 | D:2      | Slain by Terence

Action                     || total
---------------------------++-------
  Melee: Whip              ||     9
         Unarmed           ||     4
         Punch             ||     1
         Dagger            ||    13
   Cast: Freeze            ||    25
         Frozen Ramparts   ||     5
    Use: Scroll            ||     1
   Stab: Sleeping          ||     1
 Armour: Robe              ||     9
  Dodge: Dodged            ||    22

Levels and vault maps discovered:
D:1:      ncdulo_wetmaze, layout_basic
D:2:      layout_rooms, minmay_increasing_density, uniq_sigmund, uniq_robin,
          uniq_terence
